 Dungeon Crawl Stone Soup version 0.27-a0-1359-ga2a4dfd6fd (webtiles) character file.

Game seed: 10676498569083306723

571 ABBCCCDDDD the Skirmisher (level 7, 0/79 HPs)
             Began as a Djinni Fire Elementalist on June 28, 2021.
             Was a Follower of Okawaru.
             Slain by Duvessa (1 damage)
             ... on level 5 of the Dungeon.
             The game lasted 00:14:09 (5554 turns).

ABBCCCDDDD the Skirmisher (DjFE)                    Turns: 5554, Time: 00:14:09

Health: 0/79       AC: 29    Str:  8    XL:     7   Next: 60%
Gold:   125        EV:  2    Int: 17    God:    Okawaru [*.....] SH:  0 Dex: 14

rFire    + . .     SeeInvis .   m - staff of fire
rCold    . . .     Faith    .   (no shield)
rNeg     + + +     Spirit   .   (armour currently unavailable)
rPois    ∞         Reflect  .   (helmet currently unavailable)
rElec    .         Harm     .   (cloak currently unavailable)
rCorr    .         Rampage  .   (gloves currently unavailable)
Will     .....     NoTele   +   (boots unavailable)
Stlth    ++........             (no amulet)
HPRegen  0.23/turn              (no ring)
MPRegen  0.00/turn              (no ring)

@: ice-armoured, tree-form, attractive, very slightly contaminated, hasted, very
quick
A: stationary, stasis, torment immunity, boosted hp, sickness immunity, (fire
resistance 2), (cold vulnerability 1), float, innate caster, hp casting, extra
vitality 1
a: Renounce Religion, Heroism


You were on level 5 of the Dungeon.
You worshipped Okawaru.
Okawaru was aware of your devotion.
You were a tree.
You visited 2 branches of the dungeon, and saw 6 of its levels.

You collected 223 gold pieces.
You spent 98 gold pieces at shops.

Inventory:

Hand Weapons
 f - a +0 short sword
 u - a +2 flail of holy wrath
Armour
 a - a +0 robe (melded)
 b - a +0 helmet (melded)
 n - a +0 cloak (melded)
 o - a +0 buckler
Magical Staves
 m - a staff of fire (weapon)
Jewellery
 k - a ring of flight
Wands
 j - a wand of paralysis (9)
 t - a wand of flame (15)
Scrolls
 c - a scroll of fog
 d - a scroll of amnesia
 e - 2 scrolls of teleportation
 r - a scroll of blinking {unknown}
Potions
 i - a potion of ambrosia {unknown}
 l - a potion of curing {unknown}
 p - a potion of lignification


   Skills:
 + Level 4.4 Fighting
 - Level 2.1 Dodging
 - Level 1.5 Stealth
 + Level 2.7 Shields
 + Level 3.8 Spellcasting
 + Level 2.9 Evocations


You couldn't memorise any spells.
You knew the following spells:

 Your Spells              Type           Power      Damage    Failure   Level
a - Foxfire               Conj/Fire      96%        2x1d8     3%          1
b - Conjure Flame         Conj/Fire      24%        6-21      10%         3
c - Inner Flame           Hex/Fire       24%        N/A       10%         3
d - Sticky Flame          Conj/Fire      24%        2d5       32%         4
e - Fireball              Conj/Fire      12%        3d7       67%         5
f - Shock                 Conj/Air       64%        1d7       3%          1
g - Ensorcelled Hibernat  Hex/Ice        32%        N/A       4%          2
h - Ozocubu's Armour      Ice            16%        N/A       10%         3
Your spell library was empty.

Dungeon Overview and Level Annotations

Branches:
Dungeon (5/15)             Temple (1/1) D:4

Altars:
Ashenzari
Dithmenos
Elyvilon
Fedhas
Gozag
Kikubaaqudgha
Okawaru
Ru
Sif Muna
Trog
Uskayaw
Wu Jian
Yredelemnul
The Shining One

Shops:
D:2 [   D:4 [

Annotations:
D:2 1 runed translucent door, exclusion: door, Crazy Yiuf, Sigmund, Terence
D:5 Dowan, Duvessa, Eustachio


Innate Abilities, Weirdness & Mutations

You are a tree.
Your roots penetrate the ground, keeping you stationary.
You cannot be teleported.
You are immune to unholy pain and torment.
Your maximum health is greatly increased.
Your equipment is partially melded.
You are immune to sickness and miasma.
You are immune to poison.
((Your flesh is very heat resistant. (rF++)))
((You are vulnerable to cold. (rC-)))
You float through the air rather than walking.
You learn spells naturally, not from books.
Your magical power is your life essence.
You have superior vitality. (+4 HP)


Message History

You feel attractive to monsters. Duvessa hits you but does no damage.
Casting: Ensorcelled Hibernation (safe; 4% risk of failure)
Confirm with . or Enter, or press ? or * to list all spells.
Aiming: Ensorcelled Hibernation (safe; 4% risk of failure)
Press: ? - help, Shift-Dir - straight line, f/p - Duvessa
Aim: Duvessa, wielding a +0 rapier and wearing a +0 ring mail (purple smoke, lightly wounded, fast, ally target, chance to affect: 29%) Duvessa easily resists.
* * * LOW HITPOINT WARNING * * *
Duvessa hits you but does no damage.
Casting: Ensorcelled Hibernation (safe; 4% risk of failure)
Confirm with . or Enter, or press ? or * to list all spells.
Aiming: Ensorcelled Hibernation (safe; 4% risk of failure)
Press: ? - help, Shift-Dir - straight line, f/p - Duvessa
Aim: Duvessa, wielding a +0 rapier and wearing a +0 ring mail (purple smoke, lightly wounded, fast, chance to affect: 29%) Duvessa easily resists.
* * * LOW HITPOINT WARNING * * *
Duvessa hits you but does no damage.
Casting: Ensorcelled Hibernation (safe; 4% risk of failure)
Confirm with . or Enter, or press ? or * to list all spells.
Aiming: Ensorcelled Hibernation (safe; 4% risk of failure)
Press: ? - help, Shift-Dir - straight line, f/p - Duvessa
Aim: Duvessa, wielding a +0 rapier and wearing a +0 ring mail (purple smoke, lightly wounded, fast, chance to affect: 29%) Duvessa easily resists.
* * * LOW HITPOINT WARNING * * *
Duvessa is no longer moving quickly.
Duvessa hits you but does no damage.
Casting: Ensorcelled Hibernation (safe; 4% risk of failure)
Confirm with . or Enter, or press ? or * to list all spells.
Aiming: Ensorcelled Hibernation (safe; 4% risk of failure)
Press: ? - help, Shift-Dir - straight line, f/p - Duvessa
Aim: Duvessa, wielding a +0 rapier and wearing a +0 ring mail (purple smoke, lightly wounded, chance to affect: 29%) Duvessa easily resists.
* * * LOW HITPOINT WARNING * * *
Unknown command.
As you read the scroll labelled VIRGHI NUGHYLUN, it crumbles to dust.
The creatures around you are filled with an inner flame!
It was a scroll of immolation.
Duvessa says, "When magic and the sword combine, nothing stands against them."
Duvessa hits you with a +0 rapier.
You die...

# #.##.# . #..#
...#....# .. # #.. ##
#.......# #.# .# #..
... #.#.<# #.##.#
#.###..#
#....#####....# #.....
###.#......§#.#####..#
#.###....§§#.....(..#
#.# ##...§§§###§.##.#
#. #.....§§♣ee§## ...
# #.#.#..####§## .#...
#.##.#..#
##.####.##.... ##
#.#..# #...........#.
####.#..###.########
.# ............# #
######.###### #.# #.#


You could see Duvessa (inner flame) and Dowan (inner flame).

Vanquished Creatures
  Menkaure (D:5)
  Edmund (D:5)
  A howler monkey (D:4)
  A jelly (D:4)
  3 hounds
  4 gnolls (D:4)
  6 adders
  2 dart slugs
  An orc (D:4)
  4 bats
  7 endoplasms
  5 giant cockroaches
  5 goblins
  9 hobgoblins
  6 jackals
  9 kobolds
  3 quokkas
  5 ball pythons
  3 frilled lizards
76 creatures vanquished.

Vanquished Creatures (others)
  307 foxfires
307 creatures vanquished.

Grand Total: 383 creatures vanquished

Notes
Turn   | Place    | Note
-------+----------+-------------------------------------------
     0 | D:1      | ABBCCCDDDD the Djinni Fire Elementalist began the quest for
                  | the Orb.
     0 | D:1      | Reached XP level 1. HP: 15/15 MP: 0/0
   217 | D:1      | Reached skill level 1 in Fighting
   299 | D:1      | Reached XP level 2. HP: 21/22 MP: 0/0
   552 | D:1      | Found a faded altar of an unknown god.
   957 | D:1      | Reached XP level 3. HP: 18/28 MP: 0/0
   957 | D:1      | Learned a level 1 spell: Shock
  1151 | D:1      | Reached skill level 2 in Fighting
  1636 | D:2      | Reached XP level 4. HP: 31/34 MP: 0/0
  1665 | D:2      | Noticed Sigmund
  1669 | D:2      | Noticed Terence
  2108 | D:3      | Reached skill level 3 in Fighting
  2389 | D:3      | Found a glowing golden altar of the Shining One.
  2693 | D:2      | Reached XP level 5. HP: 38/40 MP: 0/0
  2693 | D:2      | Learned a level 2 spell: Ensorcelled Hibernation
  2870 | D:2      | Found a runed translucent door.
  2871 | D:2      | Noticed Crazy Yiuf
  2941 | D:2      | Found Sauxkowk's Armour Shop.
  2949 | D:2      | Bought a +0 cloak for 49 gold pieces
  2949 | D:2      | Bought a +0 buckler for 49 gold pieces
  3047 | D:4      | Reached skill level 1 in Evocations
  3223 | D:4      | Found a staircase to the Ecumenical Temple.
  3233 | D:4      | Reached skill level 1 in Shields
  3238 | Temple   | Entered the Ecumenical Temple
  3272 | Temple   | Became a worshipper of Warmaster Okawaru
  3321 | D:4      | Reached XP level 6. HP: 27/47 MP: 0/0
  3584 | D:4      | Found Qocoof's Armour Shoppe.
  3785 | D:4      | Found a basalt altar of Yredelemnul.
  4279 | D:4      | Found an opulent altar of Gozag.
  4448 | D:5      | Entered Level 5 of the Dungeon
  4450 | D:5      | Noticed Eustachio
  4508 | D:5      | Noticed Dowan
  4509 | D:5      | Noticed Duvessa
  4617 | D:5      | Reached skill level 4 in Fighting
  4657 | D:5      | Noticed Edmund
  4682 | D:5      | Killed Edmund
  4683 | D:5      | Reached XP level 7. HP: 32/52 MP: 0/0
  4683 | D:5      | Learned a level 3 spell: Ozocubu's Armour
  5312 | D:5      | Noticed Menkaure
  5326 | D:5      | Killed Menkaure
  5326 | D:5      | Reached * piety under Okawaru
  5531 | D:5      | HP: 1/53 [Duvessa (5)]
  5554 | D:5      | Slain by Duvessa

Illustrated notes

Levels and vault maps discovered:
D:1:      minmay_arrival_three_doors, layout_loops_ring,
          hellmonk_ecumenical_altar_inner_sanctum
D:2:      layout_basic, serial_shops, nicolae_shop_trees, uniq_terence,
          uniq_crazy_yiuf_cottage, uniq_sigmund
D:3:      kennysheep_six_static_rooms, layout_rooms, tso_altar
D:4:      layout_loops_corners, marbit_many_paths, grunt_temple_overflow_open,
          minmay_temple_entry_antechambers, serial_shops,
          nicolae_take_the_stairs
D:5:      minmay_clustersquares, layout_loops_ring, vehumet_statue,
          solitary_fountain, hangedman_decor_growths,
          minmay_misc_feat_four_crosses, roderic_serpentine_path,
          grunt_decor_arrowhead, uniq_menkaure, uniq_prince_ribbit1,
          uniq_duvessa, uniq_edmund, uniq_eustachio
Temple:   chequers_temple_sunken

Skill      XL: |  1  2  3  4  5  6 |
---------------+-------------------+-----
Fighting       | 1 2 3 4 |  4.4
Spellcasting   | 3 |  3.8
Evocations     | 1 2 |  2.9
Shields        | 1 2 |  2.7
Dodging        | |  2.1
Stealth        | |  1.5

Action                   |  1- 3 |  4- 6 |  7- 9 || total
-------------------------+-------+-------+-------++-------
Melee: Staff             |       |     7 |    24 ||    31
 Cast: Foxfire           |    66 |   121 |    19 ||   206
       Ensorcelled Hiber |       |     1 |    13 ||    14
       Conjure Flame     |       |     1 |     4 ||     5
       Shock             |       |     1 |     4 ||     5
       Ozocubu's Armour  |       |       |     4 ||     4
  Use: Scroll            |       |       |     4 ||     4
       Potion            |       |       |     4 ||     4
Armor: Robe              |     4 |     9 |    25 ||    38
       Skin              |       |       |    25 ||    25
Dodge: Dodged            |     3 |    45 |    50 ||    98

Table legend: (Time is in decaauts)
 A = Elapsed time spent in this place.
 B = Non-inter-level travel time spent in this place.
 C = Inter-level travel time spent in this place.
 D = Time resting spent in this place.
 E = Time spent auto-exploring this place.
 F = Levels seen in this place.
 G = Mean time per level.
                   A        B        C        D        E       F      G
               +--------+--------+--------+--------+--------+-----+--------+
         Total |   5561 |   5180 |    381 |    737 |   3559 |   6 |  926.8 |
       Dungeon |   5509 |   5145 |    364 |    737 |   3559 |   5 | 1101.8 |
        Temple |     52 |     35 |     17 |      0 |      0 |   1 |   52.0 |
               +--------+--------+--------+--------+--------+-----+--------+

Top non-repeatable levels by time:
     D:4: 1651 daAuts
     D:1: 1234 daAuts
     D:3: 963 daAuts
     D:2: 839 daAuts
     D:5: 819 daAuts
  Temple: 52 daAuts
